 Dungeon Crawl Stone Soup version 0.19.4-9-g45fd643 (webtiles) character file.

9731 Jynx the Bludgeoner (level 11, -3/105 HPs)
             Began as a Minotaur Fighter on Feb 21, 2017.
             Was an Elder of Okawaru.
             Slain by a seven-headed hydra (9 damage)
             ... on level 2 of the Lair of Beasts.
             The game lasted 00:17:12 (10210 turns).

Jynx the Bludgeoner (Minotaur Fighter)             Turns: 10210, Time: 00:17:12

Health: -3/105     AC: 11    Str: 23    XL:     11   Next: 26%
Magic:  0/10       EV: 14    Int:  5    God:    Okawaru [****..]
Gold:   813        SH: 11    Dex: 11    Spells: 1 memorised, 9 levels left

rFire  . . .     SeeInvis .     t - +0 flail (crush)
rCold  . . .     Gourm    .     b - +0 scale mail
rNeg   + . .     Faith    .     c - +0 shield
rPois  .         Spirit   +     (helmet restricted)
rElec  .         Reflect  .     x - +0 cloak
rCorr  .         Harm     .     q - +0 pair of gloves
MR     .....                    (no boots)
Stlth  +.........               y - amulet of guardian spirit
                                i - +3 ring of evasion
                                l - ring of positive energy

@: heroism
A: retaliatory headbutt, horns 2
a: Heroism, Renounce Religion


You were on level 2 of the Lair of Beasts.
You worshipped Okawaru.
Okawaru was greatly pleased with you.
You were not hungry.

You visited 3 branches of the dungeon, and saw 12 of its levels.

You collected 813 gold pieces.

Inventory:

Hand Weapons
 t - a +0 flail of crushing (weapon)
 u - a +3 flail
 C - a +2 flail of draining
Armour
 b - a +0 scale mail (worn)
 c - a +0 shield (worn)
 q - a +0 pair of gloves (worn)
 x - a +0 cloak (worn)
Jewellery
 i - a +3 ring of evasion (right hand)
 l - a ring of positive energy (left hand)
 y - an amulet of guardian spirit (around neck)
Wands
 s - a wand of polymorph (15/24)
 A - a wand of lightning (14/15)
Scrolls
 a - a scroll of blinking
 e - a scroll of fear
 k - 3 scrolls of magic mapping
 p - 3 scrolls of recharging
 w - 4 scrolls of remove curse
 H - a scroll of amnesia
 I - 2 scrolls of fog
 J - 2 scrolls of teleportation
 K - a scroll of enchant armour {unknown}
Potions
 d - 2 potions of might
 h - 2 potions of berserk rage
 m - 2 potions of mutation
 n - a potion of cancellation
 o - a potion of agility
 r - a potion of brilliance
 v - 4 potions of resistance
 z - a potion of heal wounds
 B - 2 potions of magic {unknown}
 D - a potion of ambrosia {unknown}
 G - 3 potions of flight {unknown}
 L - a potion of haste {unknown}
 M - 4 potions of degeneration {unknown}
 N - a potion of lignification {unknown}
 O - a potion of curing {unknown}
Comestibles
 f - 5 bread rations
 g - 3 slices of pizza
 j - a fruit
 E - 4 meat rations
 F - 3 beef jerkies


   Skills:
 + Level 12.3(17.3) Fighting
 * Level 16.4(21.4) Maces & Flails
 - Level 3.6(8.6) Armour
 - Level 3.6(8.6) Shields


You had 9 spell levels left.
You knew the following spells:

 Your Spells              Type           Power        Failure   Level  Hunger
a - Summon Butterflies    Summ           #.......     100%        1    ##.....


Dungeon Overview and Level Annotations

Branches:
Dungeon (9/15)             Temple (1/1) D:7            Lair (2/6) D:8
  Swamp: Lair:2-4    Shoals: Lair:2-4     Snake: Lair:2-4    Spider: Lair:2-4
    Orc: D:9-12

Altars:
Ashenzari
Cheibriados
Dithmenos
Elyvilon
Fedhas
Gozag
Hepliaklqana
Kikubaaqudgha
Makhleb
Nemelex Xobeh
Okawaru
Ru
Sif Muna
Trog
Uskayaw
Vehumet
Xom
Yredelemnul
Zin
The Shining One

Shops:
D:7 [


Innate Abilities, Weirdness & Mutations

You reflexively headbutt those who attack you in melee.
You have a pair of horns on your head.


Message History

The seven-headed hydra closely misses you.
The seven-headed hydra misses you. The seven-headed hydra bites you.
You block the seven-headed hydra's attack.
You sock the seven-headed hydra!
The seven-headed hydra is almost dead.
You block the seven-headed hydra's attack.
The seven-headed hydra bites you!
* * * LOW HITPOINT WARNING * * *
The seven-headed hydra barely misses you.
The seven-headed hydra bites you!
* * * LOW HITPOINT WARNING * * *
You block the seven-headed hydra's attack.
The seven-headed hydra bites you!
* * * LOW HITPOINT WARNING * * *
The seven-headed hydra bites you.
You hit the seven-headed hydra but do no damage.
The seven-headed hydra is almost dead.
You block the seven-headed hydra's attack. x2
The seven-headed hydra bites you!
You die...

.......P..
.......................#
.......................#
.......................#
.....#.##.#..Y.Y......#
.....### #...........##
.....# #...........#
.....#######..........#
................@D....#
##...###.###....#.#####
##### ### #P#P#### #####


You could see a seven-headed hydra and 2 yaks.

Vanquished Creatures
  A hill giant (D:9)
  A black mamba (Lair:2)
  2 spiny frogs (Lair:1)
  2 komodo dragons (Lair:2)
  A rime drake (Lair:2)
  A two-headed ogre (D:8)
  Grinder (D:3)
  Prince Ribbit (D:9)
  3 hippogriffs
  A vampire (D:9)
  A yak (D:8)
  Sigmund (D:3)
  Eustachio (D:6)
  A wyvern (D:9)
  2 hungry ghosts
  Edmund (D:6)
  4 water moccasins
  Duvessa (D:4)
  4 orc warriors
  2 porcupines
  A sky beast (D:9)
  2 ice beasts
  A black bear (D:7)
  3 necrophages
  4 ogres
  4 centaurs
  5 crocodiles
  2 big kobolds
  9 bullfrogs
  Dowan (D:4)
  2 scorpions (D:5)
  4 killer bees (D:9)
  4 howler monkeys
  A bullfrog zombie (D:5)
  5 crimson imps
  5 orc priests
  2 centaur skeletons
  A jelly (D:9)
  5 orc wizards
  5 bullfrog skeletons
  A quasit (D:9)
  3 iguanas
  Natasha (thrice) (D:2)
  3 worker ants
  A killer bee zombie (D:8)
  Robin (D:2)
  A worker ant zombie (D:5)
  10 adders
  6 gnolls
  A river rat (D:8)
  A shadow imp (D:7)
  An adder zombie (D:7)
  2 adder skeletons (D:4)
  6 worms
  9 leopard geckos
  28 orcs
  18 bats
  3 giant cockroaches
  11 goblins
  9 hobgoblins
  12 jackals
  10 kobolds
  2 quokkas
  5 ball pythons
  6 frilled lizards
  A jackal zombie (D:8)
  A quokka skeleton (D:5)
  11 rats
  A plant (Lair:1)
265 creatures vanquished.

Notes
Turn   | Place    | Note
-------+----------+-------------------------------------------
     0 | D:1      | Jynx the Minotaur Fighter began the quest for the Orb.
     0 | D:1      | Reached XP level 1. HP: 19/19 MP: 0/0
   112 | D:1      | Reached skill level 3 in Maces & Flails
   154 | D:1      | Reached XP level 2. HP: 15/27 MP: 1/1
   522 | D:2      | Noticed Natasha
   527 | D:2      | Killed Natasha
   527 | D:2      | Reached skill level 4 in Maces & Flails
   527 | D:2      | Reached XP level 3. HP: 17/33 MP: 2/2
   935 | D:2      | Noticed Natasha
   939 | D:2      | Killed Natasha
   939 | D:2      | Reached XP level 4. HP: 27/41 MP: 3/3
  1128 | D:2      | Noticed Robin
  1151 | D:2      | Killed Robin
  1151 | D:2      | Reached skill level 5 in Maces & Flails
  1557 | D:2      | Noticed Natasha
  1560 | D:2      | Killed Natasha
  1560 | D:2      | Reached skill level 5 in Fighting
  1560 | D:2      | Reached XP level 5. HP: 41/48 MP: 4/4
  1749 | D:3      | Found a glowing silver altar of Zin.
  1756 | D:3      | Noticed Sigmund
  1770 | D:3      | Killed Sigmund
  1770 | D:3      | Reached skill level 6 in Maces & Flails
  1770 | D:3      | Reached XP level 6. HP: 35/56 MP: 5/5
  2008 | D:3      | Noticed Grinder
  2016 | D:3      | Paralysed by Grinder for 6 turns
  2025 | D:3      | Paralysed by Grinder for 3 turns
  2038 | D:3      | Killed Grinder
  2038 | D:3      | Reached skill level 7 in Maces & Flails
  2038 | D:3      | Reached XP level 7. HP: 28/63 MP: 6/6
  2827 | D:4      | Found a blossoming altar of Fedhas.
  2839 | D:4      | Noticed Duvessa
  2841 | D:4      | Noticed Dowan
  2854 | D:4      | Killed Duvessa
  2854 | D:4      | Reached skill level 8 in Maces & Flails
  2856 | D:4      | Killed Dowan
  3174 | D:4      | Found a radiant altar of Vehumet.
  3174 | D:4      | Found a white marble altar of Elyvilon.
  3336 | D:4      | Reached skill level 9 in Maces & Flails
  3805 | D:4      | Reached XP level 8. HP: 73/73 MP: 7/7
  4063 | D:5      | Entered Level 5 of the Dungeon
  4105 | D:5      | Found a shimmering altar of Xom.
  4147 | D:5      | Found a deep blue altar of Sif Muna.
  4201 | D:5      | Reached skill level 10 in Maces & Flails
  4809 | D:6      | Noticed Edmund
  4825 | D:5      | Reached skill level 11 in Maces & Flails
  5064 | D:6      | Killed Edmund
  5107 | D:6      | Reached XP level 9. HP: 34/82 MP: 5/8
  5375 | D:6      | Noticed Eustachio
  5385 | D:6      | Killed Eustachio
  5594 | D:6      | Reached skill level 12 in Maces & Flails
  6350 | D:7      | Found Ahomot's Armour Shop.
  6373 | D:7      | Found a staircase to the Ecumenical Temple.
  6380 | Temple   | Entered the Ecumenical Temple
  6431 | Temple   | Became a worshipper of Warmaster Okawaru
  6575 | D:7      | Reached skill level 13 in Maces & Flails
  6897 | D:8      | Reached skill level 10 in Fighting
  6938 | D:8      | Found a sacrificial altar of Ru.
  7238 | D:8      | Reached * piety under Okawaru
  7375 | D:8      | Reached XP level 10. HP: 59/94 MP: 7/9
  7543 | D:8      | Found a staircase to the Lair.
  7551 | D:8      | Reached skill level 14 in Maces & Flails
  7832 | D:8      | Reached ** piety under Okawaru
  7926 | D:9      | Learned a level 1 spell: Summon Butterflies
  8241 | D:9      | Found a sparkling altar of Nemelex Xobeh.
  8441 | D:9      | Noticed Prince Ribbit
  8448 | D:9      | Killed Prince Ribbit
  8508 | D:9      | Reached skill level 15 in Maces & Flails
  8551 | D:9      | Reached *** piety under Okawaru
  8598 | D:9      | Noticed a hill giant
  8607 | D:9      | Killed a hill giant
  8655 | Lair:1   | Entered Level 1 of the Lair of Beasts
  9036 | Lair:1   | Reached **** piety under Okawaru
  9080 | Lair:1   | Noticed a spiny frog
  9090 | Lair:1   | Killed a spiny frog
  9090 | Lair:1   | Reached XP level 11. HP: 79/104 MP: 8/10
  9406 | Lair:2   | Reached skill level 16 in Maces & Flails
 10199 | Lair:2   | Noticed a seven-headed hydra
 10209 | Lair:2   | HP: 5/105 [seven-headed hydra (11)]
 10210 | Lair:2   | Slain by a seven-headed hydra

Skill      XL: |  1  2  3  4  5  6  7  8  9 10 11 |
---------------+----------------------------------+-----
Maces & Flails | 3 4 5 6 7 9 11 13 15 16 | 16.4
Fighting       | 4 5 6 7 8 10 11 12 | 12.3
Armour         | |  3.6
Shields        | |  3.6

Action                   |  1- 3 |  4- 6 |  7- 9 | 10-12 || total
-------------------------+-------+-------+-------+-------++-------
Melee: Flail             |    51 |   111 |   377 |   299 ||   838
       Headbutt          |    10 |    16 |    73 |    64 ||   163
Invok: Heroism           |       |       |       |     2 ||     2
  Use: Scroll            |     4 |       |    11 |     5 ||    20
  Eat: Chunk             |       |     4 |    14 |     9 ||    27
       Meat ration       |       |       |     1 |       ||     1
       Fruit             |       |       |       |     1 ||     1
Armor: Scale mail        |    23 |    43 |   129 |    85 ||   280
Dodge: Dodged            |    16 |    33 |    98 |    91 ||   238
Block: Shield            |    30 |    77 |   190 |   115 ||   412
